 Dungeon Crawl Stone Soup version 0.28.0-45-g0d030f2227 (webtiles) character file.

Game seed: 3684583482248649655

3 MisterFreud the Cutter (level 1, 0/14 HPs)
             Began as an Octopode Gladiator on May 27, 2022.
             Slain by a jackal (2 damage)
             ... on level 1 of the Dungeon.
             The game lasted 00:00:21 (47 turns).

MisterFreud the Cutter (Octopode Gladiator)           Turns: 47, Time: 00:00:21

Health: 0/14       AC:  1    Str: 13    XL:     1   Next: 50%
Magic:  1/1        EV: 13    Int: 10    God:
Gold:   0          SH:  0    Dex: 13    Spells: 0/0 levels left

rFire   . . .      SeeInvis .   a - +0 rapier
rCold   . . .      Faith    .   (no shield)
rNeg    . . .      Spirit   .   b - +0 hat
rPois   .          Reflect  .   (no amulet)
rElec   .          Harm     .   (no ring)
rCorr   .          Rampage  .   (no ring)
Will    .....                   (no ring)
Stlth   ++........              (no ring)
HPRegen 0.04/turn               (no ring)
MPRegen 0.07/turn               (no ring)
                                (no ring)
                                (no ring)

@: no status effects
A: almost no armour, amphibious, 8 rings, camouflage 1, gelatinous body 1,
(nimble swimmer 1), tentacles
a: no special abilities


You were on level 1 of the Dungeon.
You visited 1 branch of the dungeon, and saw 1 of its levels.

Inventory:

Hand Weapons
 a - a +0 rapier (weapon)
Missiles
 c - 3 throwing nets (quivered)
Armour
 b - a +0 hat (worn)
Potions
 d - a potion of degeneration {unknown}


   Skills:
 - Level 2.0 Fighting
 + Level 3.2 Short Blades
 - Level 2.0 Throwing
 - Level 3.0 Dodging


You couldn't memorise any spells.
You didn't know any spells.
Your spell library was empty.

Dungeon Overview and Level Annotations

Branches:
Dungeon (1/15)

Altars:


Innate Abilities, Weirdness & Mutations

You cannot wear most types of armour.
You are amphibious.
You can wear up to eight rings at the same time.
Your skin changes colour to match your surroundings (Stealth+).
Your rubbery body absorbs attacks. (AC +1, EV +1)
((You are camouflaged when in or above water. (Stealth+)))
You have tentacles for arms and can constrict up to eight enemies at once.


Message History

The jackal closely misses you. The frilled lizard bites you.
A kobold comes into view. It is wielding a +0 short sword.
The kobold shouts!
The jackal bites you.
You hit the kobold.
You kill the kobold!
The jackal bites you.
Things that are here:
a +0 short sword; a kobold corpse The jackal closely misses you.
The jackal misses you.
You barely miss the jackal. Your grab misses the jackal.
The jackal barely misses you.
You are too injured to fight recklessly!
You are too injured to fight recklessly!
You miss the jackal. Your grab misses the jackal. The jackal barely misses you.
The jackal bites you but does no damage.
You are too injured to fight recklessly!
You barely miss the jackal. Your grab misses the jackal. The jackal bites you.
You hit the jackal. Your grab misses the jackal.
The jackal is severely wounded.
The jackal misses you. x2
You are too injured to fight recklessly!
You closely miss the jackal. Your grab misses the jackal.
The jackal is severely wounded.
The jackal closely misses you.
You are too injured to fight recklessly!
You hit the jackal.
You kill the jackal!
The jackal bites you.
* * * LOW HITPOINT WARNING * * *
You are too injured to fight recklessly!
You barely miss the jackal. Your grab misses the jackal. The jackal bites you.
* * * LOW HITPOINT WARNING * * *
You are too injured to fight recklessly!
You hit the jackal but do no damage. Your grab misses the jackal.
You squeeze the jackal.
You kill the jackal!
The jackal bites you.
You die...

+...<...+ #..........(..
#.......# #.#.........#
##.....## ##.#.........#
###'### #.##.........# #...#
##.#..........# #...#
####.##.#........#
..####'####...##..#l..)......
#.(.......####).##..........
###########.@hl###..........
.......#### ######.....
####### #####


You could see a jackal and a frilled lizard.

Vanquished Creatures
  A goblin (D:1)
  2 jackals (D:1)
  A kobold (D:1)
4 creatures vanquished.

Notes
Turn   | Place    | Note
-------+----------+-------------------------------------------
     0 | D:1      | MisterFreud the Octopode Gladiator began the quest for the
                  | Orb.
     0 | D:1      | Reached XP level 1. HP: 14/14 MP: 1/1
    47 | D:1      | Slain by a jackal

Illustrated notes

Levels and vault maps discovered:
D:1:      dpeg_arrival_another_circle, layout_basic, serial_shops,
          nicolae_shop_temple_entry_statues_fountains

Action                   || total
-------------------------++-------
Melee: Rapier            ||    10
       Tentacles         ||     1
Armor: Skin              ||     1
Dodge: Dodged            ||     8
